 Dungeon Crawl Stone Soup version 0.18.1-5-g4a78601 (webtiles) character file.

77 Arkorax the Poker (level 4, 0/37 HPs)
             Began as a Hill Orc Wanderer on May 11, 2016.
             Slain by a hobgoblin (4 damage)
             ... on level 2 of the Dungeon.
             The game lasted 00:03:27 (1956 turns).

Arkorax the Poker (Hill Orc Wanderer)               Turns: 1956, Time: 00:03:27

Health: 0/37       AC:  5    Str: 17    XL:     4   Next: 34%
Magic:  6/6        EV: 10    Int: 11    God:
Gold:   59         SH:  0    Dex:  9    Spells: 0 memorised, 6 levels left

rFire  . . .     SeeInvis .     b - +0 spear
rCold  . . .     Gourm    .     j - +0 ring mail
rNeg   . . .     Faith    .     (no shield)
rPois  .         Spirit   .     (no helmet)
rElec  .         Dismiss  .     (no cloak)
rCorr  .         Reflect  .     (no gloves)
SustAt .         Harm     .     (no boots)
MR     .....                    (no amulet)
Stlth  +.........               (no ring)
                                (no ring)

@: lethally poisoned (0 -> -1), not resistant to hostile enchantments, very
unstealthy
A: no striking features
a: no special abilities


You were on level 2 of the Dungeon.
You were not hungry.

You visited 1 branch of the dungeon, and saw 2 of its levels.

You collected 59 gold pieces.

Inventory:

Hand Weapons
 b - a +0 spear (weapon)
 e - a +0 dagger
Armour
 d - a +0 robe
 j - a +0 ring mail (worn)
Scrolls
 c - 2 scrolls of teleportation
 g - a scroll of remove curse {unknown}
 m - a scroll of magic mapping {unknown}
Potions
 i - a potion of might {unknown}
 k - a potion of flight {unknown}
Books
 a - a book of Minor Magic

   Spells                             Type                      Level
   a - Magic Dart                     Conjuration                  1
   b - Blink                          Translocation                2
   c - Call Imp                       Summoning                    2
   d - Repel Missiles                 Charms/Air                   2
   e - Slow                           Hexes                        2
   f - Conjure Flame                  Conjuration/Fire             3
   g - Mephitic Cloud                 Conjuration/Poison/Air       3
Comestibles
 f - 3 bread rations
 h - a slice of pizza


   Skills:
 * Level 2.9 Fighting
 * Level 3.1 Polearms
 + Level 1.4 Armour
 - Level 1.5 Stealth
 - Level 1.5 Spellcasting
   Level 2.4 Air Magic
   Level 1.0 Evocations


You had 6 spell levels left.
You didn't know any spells.

Dungeon Overview and Level Annotations

Branches:
Dungeon (2/15)

Altars:


Message History

The hobgoblin is heavily wounded.
The goblin hits you with a club.
* * * LOW HITPOINT WARNING * * *
The hobgoblin closely misses you.
You hit the hobgoblin but do no damage.
The hobgoblin is heavily wounded.
The hobgoblin closely misses you. The goblin barely misses you.
You hit the hobgoblin but do no damage.
The hobgoblin is heavily wounded.
The hobgoblin barely misses you. The goblin hits you but does no damage.
You barely miss the hobgoblin.
The hobgoblin is heavily wounded.
You feel sick. The hobgoblin barely misses you.
The goblin hits you but does no damage. The goblin hits you but does no damage.
You feel sick.
You closely miss the hobgoblin.
The hobgoblin is moderately wounded.
The hobgoblin hits you.
You die...

######## ##..#..# ##........
.......## #..#>.# #........
........####.....# #........
.............##..## #............
.........######)...##............
....)...÷........................
........(...###..#..##...........
.........##..#...##..............
........## #...#@# #..# #.......
.......## #..#g###..####.......
#.....## #....g....†..........
#.....# #####....#..###..#....?..
#...#.###..........## ##.........
#####...............# #>........
#####....†....#.# #..#.......
######.......#..##...####
#..###....# ..#.#


You could see a hobgoblin and a goblin.

Vanquished Creatures
  3 adders (D:2)
  A worm (D:2)
  2 giant geckos (D:1)
  8 bats
  4 giant cockroaches
  6 goblins
  5 hobgoblins
  A quokka (D:2)
  A giant newt (D:1)
  5 kobolds
  6 rats
42 creatures vanquished.

Notes
Turn   | Place    | Note
--------------------------------------------------------------
     0 | D:1      | Arkorax the Hill Orc Wanderer began the quest for the Orb.
     0 | D:1      | Arkorax set off with: a book of Minor Magic, a +0 spear, a scroll of teleportation, a +0 robe, a +0 dagger, a bread ration
     0 | D:1      | Reached XP level 1. HP: 16/16 MP: 3/3
   343 | D:1      | Reached XP level 2. HP: 13/24 MP: 4/4
   959 | D:1      | Reached skill level 2 in Polearms
  1020 | D:1      | Reached XP level 3. HP: 30/30 MP: 5/5
  1417 | D:2      | Reached skill level 1 in Armour
  1644 | D:2      | Reached XP level 4. HP: 37/37 MP: 6/6
  1879 | D:2      | Reached skill level 3 in Polearms
  1956 | D:2      | Slain by a hobgoblin

Skill      XL: |  1  2  3  4 |
---------------+-------------+-----
Fighting       | 2 |  2.9
Polearms       | 2 3 |  3.1
Armour         | 1 |  1.4
Stealth        | |  1.5
Spellcasting   | |  1.5
Air Magic      | |  2.4
Evocations     | |  1.0

Action                   |  1- 3 |  4- 6 || total
-------------------------+-------+-------++-------
Melee: Spear             |   208 |    69 ||   277
  Use: Potion            |     2 |       ||     2
 Stab: Sleeping          |     1 |       ||     1
  Eat: Bread ration      |     1 |       ||     1
Armor: Robe              |    11 |       ||    11
       Ring mail         |    56 |    29 ||    85
Dodge: Dodged            |   112 |    37 ||   149
